 Dungeon Crawl Stone Soup version 0.31.0-1-g2c135a008e (webtiles) character file.

Game seed: 16484650115392707492

360 qw the Shooter (level 6, -5/46 HPs)
             Began as a Djinni Hunter on Jan 24, 2024.
             Slain by Terence
             ... wielding a +0 mace
              (7 damage)
             ... on level 3 of the Dungeon.
             The game lasted 00:00:07 (2057 turns).

qw the Shooter (Djinni Hunter)                      Turns: 2057, Time: 00:00:08

Health: -5/46      AC:  5    Str: 10    XL:     6   Next: 98%
Gold:   176        EV: 11    Int: 10    God:
                   SH:  0    Dex: 19

rFire   + + .        a - +0 shortbow
rCold   x . .        (shield currently unavailable)
rNeg    . . .        e - +0 ring mail
rPois   inf          (no helmet)
rElec   .            (no cloak)
rCorr   .            (no gloves)
SInv    .            (boots unavailable)
Will    .....        (no amulet)
Stlth   +            (no ring)
HPRegen 0.27/turn    (no ring)
MPRegen 0.00/turn

%: infuse magic (-6 HP)
@: flying
A: sickness immunity, fire resistance 2, cold vulnerability 1, float, innate
caster, HP casting, extra vitality 1
a: no special abilities


You were on level 3 of the Dungeon.
You visited 1 branch of the dungeon, and saw 3 of its levels.

You collected 176 gold pieces.


Innate Abilities, Weirdness & Mutations

You are immune to sickness and miasma.
You are immune to poison.
Your flesh is very heat resistant. (rF++)
You are vulnerable to cold. (rC-)
You float through the air rather than walking.
You learn spells naturally, not from books.
Your magical power is your life essence.
You have superior vitality. (+4 MHP)


   Skills:
 - Level 3.0 Fighting
 - Level 6.0 Ranged Weapons
 - Level 1.0 Armour
 + Level 2.3 Dodging
 - Level 0.7 Stealth


You knew the following spells:

 Your Spells              Type           Power      Damage    Failure   Level
a - Slow                  Hex            0%         N/A       67%         1
b - Searing Ray           Conj           0%         2d4       82%         2
Your spell library was empty.

Inventory:

Hand Weapons
 a - a +0 shortbow (weapon)
Armour
 e - a +0 ring mail (worn)
Scrolls
 c - 2 scrolls of identify
Potions
 b - a potion of haste {unknown}
 d - a potion of degeneration {unknown}
 g - a potion of enlightenment

Dungeon Overview and Level Annotations

Branches:
Dungeon (3/15)

Altars:

Annotations:
D:3 Terence


Message History

Terence closely misses you.
You shoot an arrow. The arrow hits Terence.
Terence is heavily wounded.
Terence misses you. Terence hits you with a +0 mace.
You shoot an arrow. The arrow completely misses Terence.
Terence hits you with a +0 mace!
You shoot an arrow.
The arrow hits Terence but does no damage.
Terence is heavily wounded.
Terence bares his teeth.
Terence completely misses you.
You shoot an arrow. The arrow hits Terence.
Terence is severely wounded.
Terence hits you with a +0 mace!
You shoot an arrow. The arrow hits Terence.
Terence is severely wounded.
Terence completely misses you. Terence barely misses you.
You shoot an arrow. The arrow hits Terence.
Terence is almost dead.
Terence barely misses you.
You shoot an arrow.
The arrow hits Terence but does no damage.
Terence is almost dead.
Terence hits you with a +0 mace.
You shoot an arrow. The arrow barely misses Terence.
Terence hits you with a +0 mace.
You shoot an arrow.
The arrow hits Terence but does no damage.
Terence is almost dead.
Terence hits you with a +0 mace! Terence hits you but does no damage.
You shoot an arrow.
The arrow hits Terence but does no damage.
Terence is almost dead.
Terence hits you with a +0 mace.
You shoot an arrow.
The arrow hits Terence but does no damage.
Terence is almost dead.
Terence hits you with a +0 mace!
You die...
Terence says, "Rest in peace."

.# ..## ... ...
#'# #.# ####@####
#...@...#
#..###..# .#....
#..## ...#
.###...# .#.
#...#.## . ..
##.##.# 77
#.##.##.##..)7.
#....)........7
.....##.##......77


You could see Terence.

Vanquished Creatures
  Grinder (D:3)
  Jessica (D:2)
  Natasha (D:2)
  3 adders
  A dart slug (D:1)
  A ribbon worm (D:2)
  4 orcs (D:3)
  4 endoplasms
  4 giant cockroaches
  6 goblins
  7 hobgoblins
  4 jackals (D:2)
  6 kobolds
  4 quokkas
  4 ball pythons
  3 bats
  3 frilled lizards
  4 rats
61 creatures vanquished.

Notes
Turn   | Place    | Note
-------+----------+-------------------------------------------
     0 | D:1      | qw the Djinni Hunter began the quest for the Orb.
     0 | D:1      | Reached XP level 1. HP: 18/18 MP: 0/0
     0 | D:1      | 0 ||| qw: Version: 0.3-a-136-gdd3b4e8
     0 | D:1      | 0 ||| qw: Game counter: 1378
     0 | D:1      | 0 ||| qw: Melee chars always use a shield: true
     0 | D:1      | 0 ||| qw: God list: Okawaru
     0 | D:1      | 0 ||| qw: Allow faded altars: false
     0 | D:1      | 0 ||| qw: Do Orc after clearing Dungeon:15 true
     0 | D:1      | 0 ||| qw: Do second Lair branch before Depths: true
     0 | D:1      | 0 ||| qw: Lair rune preference: random
     0 | D:1      | 0 ||| qw: Goals: Normal
     0 | D:1      | 0 ||| PLANNING D:1-11
    80 | D:1      | Reached XP level 2. HP: 23/23 MP: 0/0
   463 | D:1      | You are sucked into a shaft and drop 1 floor!
   486 | D:2      | Reached skill level 4 in Ranged Weapons
   486 | D:2      | Reached XP level 3. HP: 27/28 MP: 0/0
   486 | D:2      | Learned a level 1 spell: Slow
   604 | D:2      | 604 ||| UPGRADING to +0 ring mail.
   614 | D:2      | 614 ||| DROPPING +0 leather armour.
   615 | D:2      | 615 ||| READING scroll labelled POXIS BALA.
   615 | D:2      | 615 ||| IDENTIFYING puce potion
   616 | D:2      | 616 ||| DROPPING scroll of butterflies.
   618 | D:2      | 618 ||| FLEEEEING.
   619 | D:2      | 619 ||| FLEEEEING.
   620 | D:2      | 620 ||| FLEEEEING.
   621 | D:2      | 621 ||| FLEEEEING.
   622 | D:2      | 622 ||| FLEEEEING.
   623 | D:2      | 623 ||| FLEEEEING.
   624 | D:2      | 624 ||| STAIRDANCE
   992 | D:1      | 992 ||| READING scroll of identify.
   992 | D:1      | 992 ||| IDENTIFYING golden potion
   993 | D:1      | 993 ||| READING scroll labelled JESSAT BASACK.
  1031 | D:2      | Reached skill level 1 in Armour
  1091 | D:2      | 1091 ||| FLEEEEING.
  1092 | D:2      | 1092 ||| FLEEEEING.
  1099 | D:2      | Reached XP level 4. HP: 28/34 MP: 0/0
  1165 | D:2      | Reached skill level 3 in Fighting
  1167 | D:2      | Noticed Jessica
  1170 | D:2      | Killed Jessica
  1395 | D:2      | Found a faded altar of an unknown god.
  1429 | D:2      | Noticed Natasha
  1437 | D:2      | Killed Natasha
  1438 | D:2      | Reached XP level 5. HP: 31/40 MP: 0/0
  1438 | D:2      | Learned a level 2 spell: Searing Ray
  1580 | D:2      | 1580 ||| READING scroll labelled IPREUH GEVOTY.
  1581 | D:2      | 1581 ||| READING scroll labelled BOSETEJ LORPHU.
  1932 | D:3      | Noticed Grinder
  1936 | D:3      | Paralysed by Grinder for 4 turns
  1951 | D:3      | HP: 7/40 [Grinder (4)]
  1952 | D:3      | 1952 ||| DRINKING potion of heal wounds.
  1954 | D:3      | Killed Grinder
  1955 | D:3      | Reached skill level 6 in Ranged Weapons
  1955 | D:3      | Reached XP level 6. HP: 35/46 MP: 0/0
  2040 | D:3      | Noticed Terence
  2055 | D:3      | HP: 7/46 [Terence/+0 mace (8)]
  2056 | D:3      | HP: 2/46 [Terence/+0 mace (5)]
  2057 | D:3      | Slain by Terence

Levels and vault maps discovered:
D:1:      dpeg_arrival_fog, layout_basic, kennysheep_minor_cross
D:2:      layout_loops_cross, basic_ecumenical_altar, uniq_jessica, uniq_natasha
D:3:      layout_loops_corners, mainiacjoe_overflow_paths, serial_glass,
          glass_columns_b, glass_columns_a, uniq_crazy_yiuf_cottage,
          uniq_grinder, uniq_terence

Skill      XL: |  1  2  3  4  5 |
---------------+----------------+-----
Ranged Weapons | 4 6 |  6.0
Armour         | 1 |  1.0
Fighting       | 3 |  3.0
Dodging        | |  2.3
Stealth        | |  0.7

Action                     |  1- 3 |  4- 6 || total
---------------------------+-------+-------++-------
   Fire: Shortbow          |   105 |   115 ||   220
    Use: Scroll            |     3 |     2 ||     5
         Potion            |       |     1 ||     1
 Armour: Leather armour    |     9 |       ||     9
         Ring mail         |    16 |    30 ||    46
  Dodge: Dodged            |    36 |    24 ||    60

Table legend:
 A = Non-vault XP
 B = Vault XP
 C = Vault XP percentage of total XP
 D = Non-vault monster count
 E = Vault monster count
 F = Vault count percentage of total count
                 A         B        C        D         E       F
            +---------+---------+-------+---------+---------+-------
      Total |     143 |     372 |  72.2 |      58 |       3 |   4.9
            +---------+---------+-------+---------+---------+-------
        D:1 |      40 |       0 |   0.0 |      22 |       0 |   0.0
        D:2 |      69 |      72 |  51.1 |      26 |       2 |   7.1
        D:3 |      34 |     300 |  89.8 |      10 |       1 |   9.1
            +---------+---------+-------+---------+---------+-------
